ESL (28 & UNDER)
NEWARK BULLDOGS @ SPRINGFIELD SIMPSONS
09/24/2026
 
TOP OF THE 1ST
Newark Bulldogs batting - Pitching for Springfield Simpsons : RHP Rod Day
Pitching: RHP Rod Day
Batting: RHB Larry Booth 0-0: Called Strike
0-1: Ball
1-1: SINGLE (Groundball, 56)
Batting: LHB Rocky Whitcomb 0-0: Called Strike
Larry Booth steals 2nd base
0-1: Foul Ball, location: 2F
0-2: Ball
1-2: Foul Ball, location: 2F
1-2: Strikes out swinging
Batting: RHB Emílio Salas 0-0: Ball
1-0: Foul Ball, location: 2F
1-1: Called Strike
1-2: Fly out, F8 (Flyball, 89M)
Batting: RHB Randy Simons 0-0: Ball
1-0: Ball
2-0: Called Strike
2-1: Foul Ball, location: 2F
2-2: Ball
3-2: Foul Ball, location: 2F
3-2: SINGLE (Groundball, 13) (infield hit)
Larry Booth to third
Batting: LHB Marvin Morris 0-0: Foul Ball, location: 2F
0-1: Ground out 3-1 (Groundball, 34S)
Top of the 1st over - 0 run(s), 2 hit(s), 0 error(s), 2 left on base; Newark 0 - Springfield 0
BOTTOM OF THE 1ST
Springfield Simpsons batting - Pitching for Newark Bulldogs : LHP Joseph Byrne
Pitching: LHP Joseph Byrne
Batting: RHB Nick Harris 0-0: Ball
1-0: Ball
2-0: Ball
3-0: Called Strike
3-1: Foul Ball, location: 2F
3-2: Ground out 5-3 (Groundball, 5)
Batting: RHB Ken McDonald 0-0: Ground out 5-3 (Groundball, 5S)
Batting: SHB José Cruz 0-0: Ground out 4-3 (Groundball, 4)
Bottom of the 1st over - 0 run(s), 0 hit(s), 0 error(s), 0 left on base; Newark 0 - Springfield 0
TOP OF THE 2ND
Newark Bulldogs batting - Pitching for Springfield Simpsons : RHP Rod Day
Batting: LHB Owen Moreno 0-0: Ball
1-0: Ball
2-0: Foul Ball, location: 2F
2-1: Foul Ball, location: 2F
2-2: Foul Ball, location: 2F
2-2: Ball
3-2: DOUBLE (Flyball, 89XD) - OUT at third base trying to stretch hit.
Batting: RHB Leonardo Pinto 0-0: Ball
1-0: Ball
2-0: SINGLE (Groundball, 5L)
Batting: RHB Carl Byrd 0-0: Ball
1-0: Called Strike
1-1: Ball
2-1: Grounds into double play, 5-4-3 (Groundball, 5)
Top of the 2nd over - 0 run(s), 2 hit(s), 0 error(s), 0 left on base; Newark 0 - Springfield 0
BOTTOM OF THE 2ND
Springfield Simpsons batting - Pitching for Newark Bulldogs : LHP Joseph Byrne
Batting: RHB Brant Sherman 0-0: Swinging Strike
0-1: Swinging Strike
0-2: Ball
1-2: Ball
2-2: Foul Ball, location: 2F
2-2: SINGLE (Flyball, 4MD)
Batting: RHB Gavin Downey 0-0: Ball
1-0: Fly out, F7 (Flyball, 7M)
Batting: RHB Manny Ramírez 0-0: Ball
Brant Sherman steals 2nd base
1-0: Hit by Pitch
Batting: LHB Pedro Cerda 0-0: Ball
1-0: Ball
2-0: Ball
3-0: Called Strike
3-1: Base on Balls
Brant Sherman to third
Manny Ramírez to second
Batting: RHB Esteban Salas 0-0: Ball
1-0: Fly out, F7 (Flyball, 78D)
Runner from 3rd tags up, SCORES, no throw
Batting: RHB Kawanari Hara 0-0: Called Strike
0-1: Called Strike
0-2: Ball
1-2: Ball
2-2: Foul Ball, location: 2F
2-2: Foul Ball, location: 2F
2-2: Foul Ball, location: 2F
2-2: Foul Ball, location: 2F
2-2: Ball
3-2: Base on Balls
Manny Ramírez to third
Pedro Cerda to second
Batting: RHB Nick Harris 0-0: Called Strike
0-1: Swinging Strike
0-2: DOUBLE (Line Drive, 89D)
Manny Ramírez scores
Pedro Cerda scores
Kawanari Hara to third
Runner from 3rd tries for Home, SAFE, throw made at trailing runner, SAFE at third!
Batting: RHB Ken McDonald 0-0: Ball
1-0: Ball
2-0: Ball
3-0: Base on Balls
Batting: SHB José Cruz 0-0: Ball
1-0: Called Strike
1-1: Swinging Strike
1-2: Ball
2-2: Ground out U3 (Groundball, 3L)
Bottom of the 2nd over - 4 run(s), 2 hit(s), 0 error(s), 2 left on base; Newark 0 - Springfield 4
TOP OF THE 3RD
Newark Bulldogs batting - Pitching for Springfield Simpsons : RHP Rod Day
Batting: SHB Larry Peterson 0-0: SINGLE (Groundball, 56D)
Batting: RHB Larry Booth 0-0: Ball
1-0: Ground out 1-3 (Groundball, 3S)
Larry Peterson to second
Batting: LHB Rocky Whitcomb 0-0: Called Strike
0-1: Swinging Strike
0-2: Foul Ball, location: 2F
0-2: Ball
1-2: Strikes out swinging
Batting: RHB Emílio Salas 0-0: Foul Ball, location: 2F
0-1: Foul Ball, location: 2F
0-2: Strikes out swinging
Top of the 3rd over - 0 run(s), 1 hit(s), 0 error(s), 1 left on base; Newark 0 - Springfield 4
BOTTOM OF THE 3RD
Springfield Simpsons batting - Pitching for Newark Bulldogs : LHP Joseph Byrne
Batting: RHB Brant Sherman 0-0: Ball
1-0: Ball
2-0: Ball
3-0: Called Strike
3-1: Foul Ball, location: 2F
3-2: SOLO HOME RUN (Flyball, 78XD), Distance : 390 ft
Batting: RHB Gavin Downey 0-0: Ball
1-0: Fly out, F9 (Line Drive, 9S)
Batting: RHB Manny Ramírez 0-0: Swinging Strike
0-1: Foul Ball, location: 2F
0-2: Ball
1-2: Ground out 5-3 (Groundball, 56)
Batting: LHB Pedro Cerda 0-0: Swinging Strike
0-1: Called Strike
0-2: Strikes out looking
Bottom of the 3rd over - 1 run(s), 1 hit(s), 0 error(s), 0 left on base; Newark 0 - Springfield 5
TOP OF THE 4TH
Newark Bulldogs batting - Pitching for Springfield Simpsons : RHP Rod Day
Batting: RHB Randy Simons 0-0: Ball
1-0: Called Strike
1-1: Foul Ball, location: 2F
1-2: Strikes out swinging
Batting: LHB Marvin Morris 0-0: Called Strike
0-1: Ball
1-1: Foul Ball, location: 2F
1-2: Ball
2-2: Strikes out swinging
Batting: LHB Owen Moreno 0-0: Called Strike
0-1: Foul Ball, location: 2F
0-2: Strikes out swinging
Top of the 4th over - 0 run(s), 0 hit(s), 0 error(s), 0 left on base; Newark 0 - Springfield 5
BOTTOM OF THE 4TH
Springfield Simpsons batting - Pitching for Newark Bulldogs : LHP Joseph Byrne
Batting: RHB Esteban Salas 0-0: Swinging Strike
0-1: Called Strike
0-2: Strikes out swinging
Batting: RHB Kawanari Hara 0-0: Ball
1-0: Ground out 6-3 (Groundball, 6)
Batting: RHB Nick Harris 0-0: Ball
1-0: Called Strike
1-1: Ball
2-1: Called Strike
2-2: Strikes out swinging
Bottom of the 4th over - 0 run(s), 0 hit(s), 0 error(s), 0 left on base; Newark 0 - Springfield 5
TOP OF THE 5TH
Newark Bulldogs batting - Pitching for Springfield Simpsons : RHP Rod Day
Batting: RHB Leonardo Pinto 0-0: Swinging Strike
0-1: Swinging Strike
0-2: Foul Ball, location: 2F
0-2: Foul Ball, location: 2F
0-2: Ball
1-2: Ball
2-2: Ball
3-2: Foul Ball, location: 2F
3-2: Foul Ball, location: 2F
3-2: Foul Ball, location: 2F
3-2: SINGLE (Line Drive, 56)
Batting: RHB Carl Byrd 0-0: Ball
1-0: Called Strike
1-1: Foul Ball, location: 2F
1-2: Grounds into double play, 6-4-3 (Groundball, 6)
Batting: SHB Larry Peterson 0-0: Called Strike
0-1: Foul Ball, location: 2F
0-2: Ball
1-2: Strikes out looking
Top of the 5th over - 0 run(s), 1 hit(s), 0 error(s), 0 left on base; Newark 0 - Springfield 5
BOTTOM OF THE 5TH
Springfield Simpsons batting - Pitching for Newark Bulldogs : LHP Joseph Byrne
Batting: RHB Ken McDonald 0-0: Ball
1-0: Ground out 6-3 (Groundball, 6)
Batting: SHB José Cruz 0-0: Called Strike
0-1: Foul Ball, location: 2F
0-2: Ball
1-2: Foul Ball, location: 2F
1-2: Foul Ball, location: 2F
1-2: Foul Ball, location: 2F
1-2: Ball
2-2: Ball
3-2: Base on Balls
Batting: RHB Brant Sherman 0-0: Called Strike
0-1: Ball
1-1: Ball
2-1: Ground out 6-3 (Groundball, 6MS)
José Cruz to second
Batting: RHB Gavin Downey 0-0: Called Strike
0-1: Ground out 6-3 (Groundball, 6)
Bottom of the 5th over - 0 run(s), 0 hit(s), 0 error(s), 1 left on base; Newark 0 - Springfield 5
TOP OF THE 6TH
Newark Bulldogs batting - Pitching for Springfield Simpsons : RHP Rod Day
Batting: RHB Larry Booth 0-0: Called Strike
0-1: Called Strike
0-2: Ball
1-2: Strikes out swinging
Batting: LHB Rocky Whitcomb 0-0: SINGLE (Groundball, 56D)
Batting: RHB Emílio Salas 0-0: Called Strike
0-1: Ball
1-1: 2-RUN HOME RUN (Flyball, 7D), Distance : 373 ft
Batting: RHB Randy Simons 0-0: Called Strike
0-1: Foul Ball, location: 2F
0-2: Ball
1-2: Ball
2-2: Foul Ball, location: 2F
2-2: Foul Ball, location: 2F
2-2: Fly out, F8 (Flyball, 8LD)
Batting: LHB Marvin Morris 0-0: Foul Ball, location: 2F
0-1: Ball
1-1: Ball
2-1: Ball
3-1: Base on Balls
Pitching: LHP Rubén Rico
Batting: LHB Owen Moreno 0-0: Called Strike
0-1: Ground out 4-3 (Groundball, 4)
Top of the 6th over - 2 run(s), 2 hit(s), 0 error(s), 1 left on base; Newark 2 - Springfield 5
BOTTOM OF THE 6TH
Springfield Simpsons batting - Pitching for Newark Bulldogs : LHP Joseph Byrne
Batting: RHB Manny Ramírez 0-0: Called Strike
0-1: Ball
1-1: SINGLE (Groundball, 56)
Batting: LHB Pedro Cerda 0-0: Called Strike
0-1: Foul Ball, location: 2F
0-2: Foul Ball, location: 2F
0-2: Ball
1-2: Ball
2-2: Fielders Choice at 2nd, 3-6 (Groundball, 3)
Pitching: RHP José Gonzáles
Batting: RHB Esteban Salas 0-0: Ball
1-0: Foul Ball, location: 2F
1-1: Ball
2-1: Ball
3-1: Fly out, F4 (Popup, 4M)
Batting: RHB Kawanari Hara Pickoff Throw to First - Error! E1
Pedro Cerda to second
0-0: Called Strike
0-1: Fly out, F6 (Line Drive, 6)
Bottom of the 6th over - 0 run(s), 1 hit(s), 1 error(s), 1 left on base; Newark 2 - Springfield 5
TOP OF THE 7TH
Newark Bulldogs batting - Pitching for Springfield Simpsons : LHP Rubén Rico
Batting: RHB Leonardo Pinto 0-0: Foul Ball, location: 2F
0-1: Foul Ball, location: 2F
0-2: Ball
1-2: Ground out 1-3 (Groundball, 13S)
Batting: RHB Carl Byrd 0-0: Ball
1-0: Fly out, F8 (Flyball, 8LM)
Batting: SHB Larry Peterson 0-0: Ball
1-0: Foul Ball, location: 2F
1-1: Ground out 5-3 (Groundball, 15S)
Top of the 7th over - 0 run(s), 0 hit(s), 0 error(s), 0 left on base; Newark 2 - Springfield 5
BOTTOM OF THE 7TH
Springfield Simpsons batting - Pitching for Newark Bulldogs : RHP José Gonzáles
Batting: RHB Nick Harris 0-0: Ball
1-0: Ball
2-0: TRIPLE (Line Drive, 89M)
Batting: RHB Ken McDonald 0-0: Called Strike
0-1: Ball
1-1: Foul Ball, location: 2F
1-2: Fly out, F5 (Line Drive, 56S)
Batting: SHB José Cruz 0-0: Ball
1-0: Ball
2-0: Ball
3-0: Called Strike
3-1: Fly out, F7 (Flyball, 78D)
Runner from 3rd tags up, SCORES, no throw
Batting: RHB Brant Sherman 0-0: Ball
1-0: Ball
2-0: Ground out 6-3 (Groundball, 6MS)
Bottom of the 7th over - 1 run(s), 1 hit(s), 0 error(s), 0 left on base; Newark 2 - Springfield 6
TOP OF THE 8TH
Newark Bulldogs batting - Pitching for Springfield Simpsons : LHP Rubén Rico
Batting: RHB Larry Booth 0-0: Called Strike
0-1: Ball
1-1: Called Strike
1-2: Ball
2-2: Foul Ball, location: 2F
2-2: Foul Ball, location: 2F
2-2: SINGLE (Line Drive, 7LS)
Batting: LHB Rocky Whitcomb 0-0: Called Strike
0-1: SINGLE (Line Drive, 34D)
Larry Booth to second
Runner from 2nd tries for 3rd, SAFE, throw made to third
Pitching: RHP Ryan Klein
Batting: RHB Emílio Salas 0-0: Called Strike
0-1: Ball
1-1: 3-RUN HOME RUN (Flyball, 7D), Distance : 364 ft
Batting: RHB Randy Simons 0-0: Called Strike
0-1: Ball
1-1: Called Strike
1-2: Foul Ball, location: 2F
1-2: Foul Ball, location: 2F
1-2: SOLO HOME RUN (Flyball, 8LXD), Distance : 419 ft
Batting: LHB Marvin Morris 0-0: Called Strike
0-1: Ball
1-1: Foul Ball, location: 2F
1-2: Ground out 4-3 (Groundball, 4)
Batting: LHB Owen Moreno 0-0: Called Strike
0-1: Ball
1-1: Foul Ball, location: 2F
1-2: Strikes out swinging
Batting: RHB Leonardo Pinto 0-0: Ball
1-0: Ground out 5-3 (Groundball, 5S)
Top of the 8th over - 4 run(s), 4 hit(s), 0 error(s), 0 left on base; Newark 6 - Springfield 6
BOTTOM OF THE 8TH
Springfield Simpsons batting - Pitching for Newark Bulldogs : RHP José Gonzáles
Pinch Hitting: RHB Danny Crouch 0-0: Ball
1-0: Foul Ball, location: 2F
1-1: Reached on error, E5 (Groundball, 56)
Batting: RHB Manny Ramírez 0-0: Foul Ball, location: 2F
0-1: Foul Ball, location: 2F
0-2: Ball
1-2: Foul Ball, location: 2F
1-2: Ball
2-2: Ground out 5-3 (Groundball, 56)
Batting: LHB Pedro Cerda 0-0: Ball
1-0: Ground out 4-3 (Groundball, 4)
Danny Crouch to third
Pinch Hitting: LHB Tony O'Bryan 0-0: Called Strike
0-1: Ball
1-1: Ground out 4-3 (Groundball, 4)
Bottom of the 8th over - 0 run(s), 0 hit(s), 1 error(s), 1 left on base; Newark 6 - Springfield 6
TOP OF THE 9TH
Newark Bulldogs batting - Pitching for Springfield Simpsons : RHP Ryan Klein
Pitching: RHP Steve Snyder
Now at 2B: Kevin Vickers
Now at 3B: Danny Crouch
Pinch Hitting: LHB Wes Stone 0-0: Swinging Strike
0-1: Swinging Strike
0-2: Foul Ball, location: 2F
0-2: Ball
1-2: Ball
2-2: Strikes out swinging
Batting: SHB Larry Peterson 0-0: Ground out 4-3 (Groundball, 4)
Batting: RHB Larry Booth 0-0: Ball
1-0: Foul Ball, location: 2F
1-1: Foul Ball, location: 2F
1-2: Ball
2-2: Foul Ball, location: 2F
2-2: Foul Ball, location: 2F
2-2: Foul Ball, location: 2F
2-2: Strikes out swinging
Top of the 9th over - 0 run(s), 0 hit(s), 0 error(s), 0 left on base; Newark 6 - Springfield 6
BOTTOM OF THE 9TH
Springfield Simpsons batting - Pitching for Newark Bulldogs : RHP José Gonzáles
Now in LF: Wes Stone
Batting: RHB Kawanari Hara 0-0: Ball
1-0: Foul Ball, location: 2F
1-1: Ball
2-1: DOUBLE (Flyball, 78D)
Batting: RHB Nick Harris 0-0: Called Strike
0-1: Foul Ball, location: 2F
0-2: SINGLE (Groundball, 56)
Kawanari Hara to third
Batting: RHB Ken McDonald 0-0: Ball
1-0: SINGLE (Groundball, 6)
Kawanari Hara scores
Monday, December 5th, 2016 - OOTP Baseball 17.12 Build 75